 Dungeon Crawl Stone Soup version 0.26-a0-1040-gbe3abf3417 (webtiles) character file.

Game seed: 7109199517626917214

5325 Dracia the Spear-Bearer (level 10, -2/63 HPs)
             Began as a Merfolk Ice Elementalist on Dec 11, 2020.
             Was a Priest of Okawaru.
             Slain by a leopard gecko (4 damage)
             ... on level 10 of the Dungeon.
             The game lasted 00:25:00 (13633 turns).

Dracia the Spear-Bearer (Merfolk Ice Elementalist) Turns: 13633, Time: 00:25:01

Health: -2/63      AC: 13    Str: 10 (11) XL:     10   Next: 64%
Magic:  12/20      EV: 12    Int: 16      God:    Okawaru [***...]
Gold:   660        SH:  0    Dex: 14      Spells: 7/22 levels left

rFire    + . .     SeeInvis +   a - +1 halberd
rCold    + . .     Faith    +   (shield currently unavailable)
rNeg     . . .     Spirit   .   F - +0 troll leather armour
rPois    +         Reflect  .   j - +0 hat
rElec    .         Harm     .   (no cloak)
rCorr    .         Rampage  .   m - +1 pair of gloves
Will     .....                  q - +0 pair of boots
Stlth    ++........             T - amulet of faith {!P!P}
HPRegen  0.60/turn              v - ring of see invisible
MPRegen  0.17/turn              C - ring of protection from cold

@: icy armour
A: change form in water, swift swim, stealthy swim, claws 1, deterioration 1,
fire resistance 1, poison resistance
a: Heroism, Renounce Religion


You were on level 10 of the Dungeon.
You worshipped Okawaru.
Okawaru was most pleased with you.
You visited 2 branches of the dungeon, and saw 11 of its levels.

You collected 660 gold pieces.


Innate Abilities, Weirdness & Mutations

You revert to your normal form in water.
You are very nimble and swift while swimming.
You are very stealthy in the water. (Stealth+)
You have sharp fingernails.
Your body sometimes deteriorates upon taking damage.
Your flesh is heat resistant. (rF+)
Your system is resistant to poisons. (rPois)


   Skills:
 + Level 12.2 Polearms
 - Level 0.2 Bows
 - Level 2.6 Dodging
 - Level 2.1 Stealth
 + Level 6.9 Spellcasting
 - Level 11.6 Ice Magic
 + Level 2.8 Invocations


You had 7 spell levels left.
You knew the following spells:

 Your Spells              Type           Power        Failure   Level
b - Summon Ice Beast      Ice/Summ       ###.....     16%         4
o - Ozocubu's Armour      Ice            #####...     1%          3
r - Frozen Ramparts       Ice            #####.       1%          3
z - Freeze                Ice            ####         1%          1
X - Hailstorm             Conj/Ice       ###.....     16%         4

Your spell library contained the following spells:

 Spells                   Type           Power        Failure   Level
 Corona                   Hex            #......      17%         1
 Foxfire                  Conj/Fire      #...         17%         1
 Summon Small Mammal      Summ           #...         17%         1
 Call Imp                 Summ           #.......     26%         2
 Slow                     Hex            #.......     26%         2
 Call Canine Familiar     Summ           #.......     45%         3
 Conjure Flame            Conj/Fire      #.......     45%         3
 Inner Flame              Hex/Fire       #.......     45%         3
 Portal Projectile        Hex/Tloc       #.....       45%         3
 Summon Guardian Golem    Hex/Summ       #.......     45%         3
 Cause Fear               Hex            #.........   86%         4
 Leda's Liquefaction      Hex/Erth       #.........   86%         4
 Sticky Flame             Conj/Fire      #.......     86%         4
 Summon Lightning Spire   Summ/Air       #.......     86%         4
 Fireball                 Conj/Fire      #.........   99%         5

Inventory:

Hand Weapons
 a - a +1 halberd (weapon)
 b - the +1 shortbow of Hiyq {vorpal, rElec rC+ Str+4 SInv}
   (You took it off an orc on level 7 of the Dungeon)

   Any arrow fired from it inflicts extra damage.
   It affects your strength (+4).
   It protects you from cold.
   It insulates you from electricity.
   It lets you see invisible.
 e - a +0 hand axe
 w - a +1 spear of pain
Missiles
 d - 78 poisoned darts
 g - 179 arrows
 I - 7 curare-tipped darts {=f=f}
Armour
 c - a +0 ring mail
 j - a +0 hat (worn)
 m - a +1 pair of gloves (worn)
 n - a +0 robe
 p - a +2 robe of fire resistance
 q - a +0 pair of boots (worn)
 x - a +2 scale mail of positive energy
 F - a +0 troll leather armour (worn)
Magical Staves
 H - an uncursed staff of fire {!a!a, unknown}
Jewellery
 v - a ring of see invisible (left hand)
 A - an uncursed amulet of the acrobat
 C - a ring of protection from cold (right hand)
 G - an uncursed amulet of guardian spirit
 T - an amulet of faith (around neck) {!P!P}
Wands
 f - a wand of acid (16)
 t - a wand of iceblast (14)
 u - a wand of flame (30)
Scrolls
 i - a scroll of enchant armour
 k - 9 scrolls of identify {@r1@r1}
 l - a scroll of magic mapping
 s - 3 scrolls of teleportation {@r4@r4}
 y - a scroll of enchant weapon
 B - a scroll of amnesia
 D - 4 scrolls of remove curse {@r2@r2}
 J - a scroll of immolation {unknown}
Potions
 h - 2 potions of mutation
 o - 6 potions of curing {@q1@q1}
 r - 4 potions of heal wounds {@q2@q2}
 z - 2 potions of haste {@q3@q3}
 E - 2 potions of attraction

Dungeon Overview and Level Annotations

Branches:
Dungeon (10/15)            Temple (1/1) D:5            Lair (0/6) D:8
    Orc: D:9-12

Altars:
Cheibriados
Dithmenos
Elyvilon
Fedhas
Gozag
Hepliaklqana
Kikubaaqudgha
Makhleb
Nemelex Xobeh
Okawaru
Qazlal
Ru
Sif Muna
Trog
Uskayaw
Vehumet
Xom
Yredelemnul
Zin
The Shining One

Shops:
D:4 * D:5

= ########## ........
..... #Tl# #@.#
........# #.$#
#........# #..#
#........# #..#
#........# #..#
#........# #..#
#........# #..#
#........#
.####..####........###
.......................


You could see a troll and a leopard gecko.


Message History

Confirm with . or Enter, or press ? or * to list all spells.
A film of ice covers your body! The troll bites you but does no damage.
The troll claws you.
* * * LOW HITPOINT WARNING * * *
The troll misses you.
The leopard gecko bites you but does no damage.
Casting: Ozocubu's Armour (safe; 1% risk of failure)
Confirm with . or Enter, or press ? or * to list all spells.
Aiming: Freeze (safe; 1% risk of failure)
Press: ? - help, Shift-Dir - straight line, f/p - troll
Aim: a troll (severely wounded)
You freeze the troll!
The troll is almost dead.
The leopard gecko closely misses you. The troll barely misses you.
The troll claws you.
* * * LOW HITPOINT WARNING * * *
The troll claws you but does no damage.
Casting: Freeze (safe; 1% risk of failure)
Confirm with . or Enter, or press ? or * to list all spells.
Aiming: Freeze (safe; 1% risk of failure)
Press: ? - help, Shift-Dir - straight line, f/p - troll
Aim: a troll (almost dead)
You freeze the troll.
The troll is almost dead.
The leopard gecko bites you but does no damage.
The troll bites you!
* * * LOW HITPOINT WARNING * * *
The troll closely misses you. The troll claws you but does no damage.
The leopard gecko bites you.
You die...

Skill      XL: |  1  2  3  4  5  6  7  8  9 10 |
---------------+-------------------------------+-----
Ice Magic      | 5 6 7 8 9 10 11 | 11.6
Polearms       | 2 4 6 9 11 12 | 12.2
Spellcasting   | 3 6 |  6.9
Invocations    | 2 |  2.8
Bows           | |  0.2
Dodging        | |  2.6
Stealth        | |  2.1

Action                   |  1- 3 |  4- 6 |  7- 9 | 10-12 || total
-------------------------+-------+-------+-------+-------++-------
Melee: Unarmed           |    10 |       |       |       ||    10
       Hand axe          |    52 |   161 |       |       ||   213
       Tailslap          |     1 |     1 |       |       ||     2
       Halberd           |       |    93 |   381 |   142 ||   616
 Fire: Shortbow          |       |       |    11 |       ||    11
 Cast: Freeze            |    36 |    66 |    28 |    21 ||   151
       Frozen Ramparts   |       |     1 |    10 |     7 ||    18
       Ozocubu's Armour  |       |       |     3 |     4 ||     7
  Use: Scroll            |     1 |     1 |     9 |     5 ||    16
       Potion            |       |     2 |     2 |     3 ||     7
 Stab: Sleeping          |     3 |     5 |       |     3 ||    11
Armor: Robe              |     2 |       |       |    12 ||    14
       Ring mail         |    21 |   169 |    22 |       ||   212
       Scale mail        |       |       |   182 |       ||   182
       Troll leather arm |       |       |       |    22 ||    22
Dodge: Dodged            |    67 |   255 |   170 |    89 ||   581

Levels and vault maps discovered:
D:1:      heliophobic_arrival_battle_scene, layout_basic
D:2:      wander_river, layout_loops_cross, elyvilon_altar_4
D:3:      layout_loops_cross, yredelemnul_altar_generic, minmay_divided_ellipse
D:4:      layout_layer_cave, serial_shops, nicolae_shop_overgrown_old_shop,
          serial_bayou, serial_bayou_pond_b, serial_bayou_pond_e,
          serial_bayou_pond_a, serial_bayou_pond_e
D:5:      layout_layer_cave, minmay_temple_entry_from_below_b, serial_shops,
          shop_fountains, uniq_pikel
D:6:      layout_basic, nicolae_ru_awakened_eye, chequers_serial_rivers_micro_b,
          uniq_menkaure
D:7:      layout_basic, grunt_gozag_breadcrumbs
D:8:      minmay_flawed_box, layout_rooms, lair_entry_dummy, bh_walls_and_bars,
          uniq_erica, uniq_psyche
D:9:      layout_basic, lemuel_crystal_altar, uniq_prince_ribbit1
D:10:     layout_small_grid, minmay_radiant, uniq_grum, uniq_urug
Temple:   hc_temple_tempest_star

Notes
Turn   | Place    | Note
-------+----------+-------------------------------------------
     0 | D:1      | Dracia the Merfolk Ice Elementalist began the quest for the
                  | Orb.
     0 | D:1      | Reached XP level 1. HP: 13/13 MP: 3/3
   234 | D:1      | Reached XP level 2. HP: 15/19 MP: 0/5
   454 | D:1      | Reached skill level 5 in Ice Magic
   685 | D:1      | Reached XP level 3. HP: 11/24 MP: 1/6
  1573 | D:2      | Found a white marble altar of Elyvilon.
  1762 | D:2      | Reached skill level 6 in Ice Magic
  1772 | D:2      | Reached XP level 4. HP: 30/30 MP: 7/7
  2483 | D:2      | Learned a level 3 spell: Ozocubu's Armour
  2487 | D:2      | Learned a level 3 spell: Frozen Ramparts
  2896 | D:3      | Reached XP level 5. HP: 31/35 MP: 0/8
  3075 | D:3      | Reached skill level 7 in Ice Magic
  3673 | D:3      | HP: 2/35 [gnoll/+0 halberd (4)]
  3984 | D:3      | Found a basalt altar of Yredelemnul.
  4273 | D:4      | Found Ohurphute's Assorted Antiques.
  4327 | D:4      | Reached skill level 1 in Polearms
  4539 | D:4      | Noticed an ogre
  4553 | D:4      | Killed an ogre
  4554 | D:4      | Reached skill level 2 in Polearms
  4554 | D:4      | Reached XP level 6. HP: 14/41 MP: 3/9
  4556 | D:4      | Reached skill level 3 in Polearms
  5337 | D:4      | Reached skill level 8 in Ice Magic
  5510 | D:4      | Reached skill level 4 in Polearms
  6172 | D:5      | Entered Level 5 of the Dungeon
  6174 | D:5      | Noticed Pikel
  6178 | D:5      | Reached XP level 7. HP: 42/46 MP: 10/10
  6346 | D:5      | Killed Pikel
  6347 | D:5      | Reached skill level 6 in Polearms
  6347 | D:5      | Reached skill level 9 in Ice Magic
  6347 | D:5      | Reached XP level 8. HP: 38/52 MP: 5/11
  6364 | D:5      | Learned a level 4 spell: Hailstorm
  6596 | D:5      | Reached skill level 7 in Polearms
  6596 | D:5      | Gained mutation: You have sharp fingernails. [potion of
                  | mutation]
  6596 | D:5      | Gained mutation: Your flesh is heat resistant. (rF+)
                  | [potion of mutation]
  6596 | D:5      | Gained mutation: Your body sometimes deteriorates upon
                  | taking damage. [potion of mutation]
  6596 | D:5      | Gained mutation: Your system is resistant to poisons.
                  | (rPois) [potion of mutation]
  6601 | D:5      | Found a staircase to the Ecumenical Temple.
  6610 | D:5      | Identified the +7 scale mail of Winter {Int+4}
  7074 | D:5      | Reached skill level 8 in Polearms
  7246 | D:5      | Reached skill level 3 in Spellcasting
  7671 | D:5      | Found Cogaqi's Jewellery Emporium.
  8045 | D:6      | Reached skill level 10 in Ice Magic
  8289 | D:6      | Reached skill level 9 in Polearms
  8289 | D:6      | Reached XP level 9. HP: 47/57 MP: 10/14
  8374 | D:6      | Found a sacrificial altar of Ru.
  8455 | D:6      | Noticed Menkaure
  8582 | D:5      | Killed Menkaure
  8583 | D:5      | Reached skill level 4 in Spellcasting
  9359 | Temple   | Entered the Ecumenical Temple
  9484 | Temple   | Became a worshipper of Warmaster Okawaru
  9523 | D:6      | Learned a level 4 spell: Summon Ice Beast
  9837 | D:7      | Reached skill level 10 in Polearms
  9949 | D:7      | Identified the +1 shortbow of Hiyq {vorpal, rElec rC+ Str+4
                  | SInv}
 10121 | D:7      | Reached skill level 5 in Spellcasting
 10336 | D:7      | Reached * piety under Okawaru
 10630 | D:7      | Found an opulent altar of Gozag.
 11377 | D:8      | Reached skill level 11 in Ice Magic
 11502 | D:8      | Noticed Erica
 11518 | D:8      | Killed Erica
 11519 | D:8      | Reached skill level 11 in Polearms
 11519 | D:8      | Reached skill level 6 in Spellcasting
 11519 | D:8      | Reached XP level 10. HP: 41/63 MP: 3/19
 11652 | D:8      | Found a staircase to the Lair.
 11849 | D:8      | Noticed Psyche
 11854 | D:8      | Killed Psyche
 11974 | D:8      | Reached ** piety under Okawaru
 12380 | D:8      | Reached skill level 1 in Invocations
 12677 | D:9      | Reached skill level 12 in Polearms
 12879 | D:9      | Reached skill level 2 in Invocations
 13160 | D:9      | Found a blossoming altar of Fedhas.
 13167 | D:9      | Noticed Prince Ribbit
 13183 | D:9      | Killed Prince Ribbit
 13183 | D:9      | Reached *** piety under Okawaru
 13521 | D:10     | Entered Level 10 of the Dungeon
 13633 | D:10     | HP: 2/63 [troll (11)]
 13633 | D:10     | Slain by a leopard gecko

Vanquished Creatures
  Erica (D:8)
  Pikel (D:5)
  Psyche (D:8)
  A troll (D:9)
  Prince Ribbit (D:9)
  Menkaure (D:5)
  2 water moccasins
  3 ice beasts
  A black bear (D:9)
  3 phantoms
  2 ogres
  3 centaurs
  4 lemures
  2 big kobolds
  2 bullfrogs
  2 scorpions
  3 killer bees (D:7)
  4 wights (D:8)
  A howler monkey (D:5)
  A centaur zombie (D:5)
  22 orc wizards
  A bullfrog skeleton (D:6)
  3 hounds
  2 orc priests (D:5)
  A centaur skeleton (D:7)
  2 jellies
  2 iguanas
  7 worker ants
  A killer bee zombie (D:6)
  A worker ant zombie (D:3)
  A gnoll (D:3)
  8 adders
  2 shadow imps
  2 white imps
  5 ufetubi
  2 adder zombies
  An adder skeleton (D:8)
  8 worms
  3 dart slugs
  6 leopard geckos
  23 orcs
  9 giant cockroaches
  9 goblins
  13 hobgoblins
  23 jackals
  8 quokkas
  A ball python (D:3)
  A ball python skeleton (D:4)
  11 bats
  5 frilled lizards
  A jackal skeleton (D:6)
  23 kobolds
  12 rats
258 creatures vanquished.

Vanquished Creatures (others)
  7 plants (D:4)
7 creatures vanquished.

Grand Total: 265 creatures vanquished

Table legend: (Time is in decaauts)
 A = Elapsed time spent in this place.
 B = Non-inter-level travel time spent in this place.
 C = Inter-level travel time spent in this place.
 D = Time resting spent in this place.
 E = Time spent auto-exploring this place.
 F = Levels seen in this place.
 G = Mean time per level.
                   A        B        C        D        E       F      G
               +--------+--------+--------+--------+--------+-----+--------+
         Total |  13717 |  12917 |    800 |   2354 |   8394 |  11 | 1247.0 |
       Dungeon |  13583 |  12798 |    785 |   2354 |   8280 |  10 | 1358.3 |
        Temple |    134 |    119 |     15 |      0 |    113 |   1 |  134.0 |
               +--------+--------+--------+--------+--------+-----+--------+

Top non-repeatable levels by time:
     D:5: 2197 daAuts
     D:4: 2170 daAuts
     D:3: 1857 daAuts
     D:1: 1590 daAuts
     D:6: 1288 daAuts
     D:7: 1231 daAuts
     D:8: 1170 daAuts
     D:2: 1018 daAuts
     D:9: 947 daAuts
  Temple: 134 daAuts
    D:10: 111 daAuts

Table legend:
 A = Non-vault XP
 B = Vault XP
 C = Vault XP percentage of total XP
 D = Non-vault monster count
 E = Vault monster count
 F = Vault count percentage of total count
                 A         B        C        D         E       F
            +---------+---------+-------+---------+---------+-------
      Total |    4683 |    2925 |  38.4 |     222 |      32 |  12.6
            +---------+---------+-------+---------+---------+-------
        D:1 |      51 |       0 |   0.0 |      30 |       0 |   0.0
        D:2 |      51 |       0 |   0.0 |      21 |       0 |   0.0
        D:3 |      83 |      82 |  49.7 |      36 |      13 |  26.5
        D:4 |     319 |       9 |   2.7 |      21 |       2 |   8.7
        D:5 |    1147 |     789 |  40.8 |      34 |       2 |   5.6
        D:6 |     456 |       0 |   0.0 |      17 |       0 |   0.0
        D:7 |    1126 |       0 |   0.0 |      25 |       0 |   0.0
        D:8 |     519 |    1790 |  77.5 |      17 |      14 |  45.2
        D:9 |     828 |     255 |  23.5 |      15 |       1 |   6.2
       D:10 |     103 |       0 |   0.0 |       6 |       0 |   0.0
            +---------+---------+-------+---------+---------+-------
